 Dungeon Crawl Stone Soup version 0.19-b1-5-gdc9fa9d (webtiles) character file.

6491 odei the Cleaver (level 10, -1/100 HPs)
             Began as a Troll Berserker on Oct 31, 2016.
             Was a High Priest of Trog.
             Killed from afar by an electric eel (12 damage)
             ... with a bolt of electricity
             ... in a bailey.
             The game lasted 00:56:21 (8099 turns).

odei the Cleaver (Troll Berserker)                  Turns: 8099, Time: 00:56:22

Health: -1/100     AC: 10    Str: 29    XL:     10   Next: 68%
Magic:  0/9        EV: 20    Int:  3    God:    Trog [*****.]
Gold:   451        SH:  0    Dex: 20    Spells: 0 memorised, 9 levels left

rFire  + . .     SeeInvis .     n - +2 war axe (flame)
rCold  . . .     Gourm    +     a - +2 animal skin
rNeg   . . .     Faith    .     (no shield)
rPois  .         Spirit   +     (helmet restricted)
rElec  .         Reflect  .     h - +2 cloak "Epysmodo" {rF+ Str+2 Dex+3 Slay-3}
rCorr  +         Harm     .     (gloves unavailable)
MR     .....                    (boots unavailable)
Stlth  +++.......               N - amulet of guardian spirit
                                (no ring)
                                d - ring of resist corrosion

@: agile, exhausted, slowed, very slow
A: unfitting armour, claws 3, fast metabolism 3, gourmand, regeneration 1,
shaggy fur 1, tough skin 2
a: Berserk, Trog's Hand, Brothers in Arms, Burn Spellbooks, Renounce Religion


You were in a bailey.
You worshipped Trog.
Trog was extremely pleased with you.
You were full.

You visited 1 branch of the dungeon, and saw 9 of its levels.
You also visited: Bailey.

You collected 451 gold pieces.

Inventory:

Hand Weapons
 e - a +6 arbalest of flaming
 n - a +2 war axe of flaming (weapon)
Armour
 a - a +2 animal skin (worn)
 h - the +2 cloak "Epysmodo" (worn) {rF+ Str+2 Dex+3 Slay-3}
   (You acquired it in a bailey)

   It affects your strength (+2).
   It affects your dexterity (+3).
   It affects your accuracy and damage with ranged weapons and melee attacks
   (-3).
   It protects you from fire.
Jewellery
 d - a ring of resist corrosion (left claw)
 N - an amulet of guardian spirit (around neck)
Wands
 c - a wand of disintegration (9/24)
 w - a wand of iceblast (10/15)
 y - a wand of polymorph (11/24)
 C - a wand of polymorph (8/24)
 E - a wand of acid (7/15)
 K - a wand of flame (31/48)
Scrolls
 l - 4 scrolls of teleportation
 v - a scroll of fog
 H - 2 scrolls of immolation
Potions
 m - a potion of agility
 o - a potion of flight
 s - a potion of lignification {unknown}
 x - a potion of brilliance
 D - a potion of ambrosia {unknown}
 G - a potion of resistance
 L - a potion of berserk rage
 O - a potion of cancellation {unknown}
Books
 F - a book of Changes

   Spells                             Type                      Level
   a - Beastly Appendage              Transmutation                1
   b - Sticks to Snakes               Transmutation                2
   c - Spider Form                    Transmutation/Poison         3
   d - Ice Form                       Ice/Transmutation            4
   e - Blade Hands                    Transmutation                5
   Trog disapproves of the use of such an item.
Comestibles
 b - 5 bread rations
 f - 7 fruits
 p - 4 meat rations
 u - 5 beef jerkies
 z - a royal jelly
 J - a slice of pizza


   Skills:
 + Level 6.4 Fighting
 + Level 9.3 Axes
 + Level 6.8 Dodging
 + Level 2.3 Stealth
 + Level 5.1 Unarmed Combat


You had 9 spell levels left.
You didn't know any spells.

Dungeon Overview and Level Annotations

Branches:
Dungeon (9/15)             Temple (0/1) D:4
   Lair: D:8-11         Orc: D:9-12

Altars:
Ashenzari
Dithmenos
Hepliaklqana
Okawaru
Uskayaw
The Shining One


Innate Abilities, Weirdness & Mutations

You are too large for most types of armour.
You have claws for hands.
Your metabolism is lightning-fast.
You like to eat raw meat.
Your natural rate of healing is unusually fast.
You are covered in fur. (AC +1)
You have very tough skin. (AC +2)


Message History

The electric eel shoots out a bolt of lightning at you!
The bolt of electricity misses you.
The electric eel shoots out a bolt of lightning at you!
The bolt of electricity misses you.
The electric eel shoots out a bolt of lightning at you!
The bolt of electricity hits you! x2
The electric eel shoots out a bolt of lightning at you!
The bolt of electricity hits you!
* * * LOW HITPOINT WARNING * * *
The electric eel shoots out a bolt of lightning at you!
The bolt of electricity hits you!
* * * LOW HITPOINT WARNING * * *
There is an open door here.
The electric eel shoots out a bolt of lightning at you!
The bolt of electricity hits you!
* * * LOW HITPOINT WARNING * * *
You feel agile all of a sudden.
The electric eel shoots out a bolt of lightning at you!
The bolt of electricity hits you!
You die...

≈≈≈≈≈≈#))..# #.# #..)
≈≈≈≈≈≈#'#########.#########
≈≈≈≈≈≈≈.#..'^....∩.....'..#
≈≈≈≈≈≈≈.#..######.######..#
≈≈≈≈≈≈≈.#..#))..#.#....#..#
≈≈≈≈≈≈≈.#..#)...'.'....#..#
≈≈≈≈≈≈≈.#.)#############))#
≈≈≈≈≈≈;.##'#...........#)##
≈≈≈≈≈≈≈.'.@......_........'
≈≈≈≈≈≈≈.#.8.............8.#
≈≈≈≈≈≈≈.#.))..............#
≈≈≈≈≈≈≈.#.8)###########.8.#
≈≈≈≈≈≈≈.#...).#######.....#
≈≈≈≈≈≈≈.#.8.).#.....#...8.#
≈≈≈≈≈≈≈.#....)#.....#.....#
≈≈≈≈≈≈#'####.)#..⌠..#..####
≈≈≈≈≈≈#....#..'.....'..#..)


You could see an electric eel.

Vanquished Creatures
  An orc high priest (Bailey)
  Pikel (D:4)
  An orc knight (Bailey)
  Grinder (D:5)
  A two-headed ogre (D:9)
  2 hippogriffs
  Sigmund (D:5)
  A hungry ghost (D:7)
  Duvessa (D:5)
  A water moccasin (D:8)
  A sky beast (D:7)
  7 orc warriors
  2 ogres
  A phantom (D:6)
  A necrophage (D:8)
  2 centaurs
  A big kobold (D:7)
  Blork the orc (D:4)
  A wyvern zombie (D:8)
  A gnoll sergeant (D:5)
  A scorpion (D:6)
  Dowan (D:5)
  2 wights (D:8)
  6 killer bees (D:9)
  2 vampire bats (D:6)
  3 howler monkeys
  2 electric eels (Bailey)
  2 bullfrog zombies (D:7)
  A jelly (D:7)
  5 orc priests
  A centaur skeleton (D:9)
  4 hounds
  A bullfrog skeleton (D:5)
  Jessica (D:2)
  An iguana (D:9)
  4 orc wizards
  6 worker ants
  A mummy (D:8)
  A hound skeleton (D:4)
  A worker ant zombie (D:7)
  9 gnolls
  13 adders
  3 shadow imps
  2 adder skeletons
  An adder zombie (D:8)
  2 worms
  3 dart slugs
  4 leopard geckos
  29 orcs
  A ball python (D:3)
  2 giant cockroaches
  8 goblins
  9 hobgoblins
  4 jackals (D:3)
  4 quokkas
  14 bats
  3 frilled lizards
  A jackal skeleton (D:6)
  12 kobolds
  A leopard gecko skeleton (D:4)
  A rat (shapeshifter) (Bailey)
  7 rats
  2 withered plants (D:8)
210 creatures vanquished.

Vanquished Creatures (collateral kills)
  An orc sorcerer (Bailey)
  4 orc warriors (Bailey)
  2 orc wizards (D:8)
  3 gnolls (Bailey)
  2 orcs
  4 hobgoblins (Bailey)
  2 goblins (Bailey)
18 creatures vanquished.

Vanquished Creatures (others)
  A slave (D:4)
  An orc wizard (D:4)
  An adder (D:4)
  An ooze (D:4)
  2 orcs (D:4)
  A goblin (Bailey)
  A rat (D:4)
8 creatures vanquished.

Grand Total: 236 creatures vanquished

Notes
Turn   | Place    | Note
-------+----------+-------------------------------------------
     0 | D:1      | odei the Troll Berserker began the quest for the Orb.
     0 | D:1      | Reached XP level 1. HP: 22/22 MP: 0/0
   409 | D:1      | Reached XP level 2. HP: 29/29 MP: 1/1
  1001 | D:2      | Reached XP level 3. HP: 29/36 MP: 2/2
  1187 | D:2      | Noticed Jessica
  1189 | D:2      | Killed Jessica
  1189 | D:2      | Reached XP level 4. HP: 44/44 MP: 3/3
  1190 | D:2      | Reached ** piety under Trog
  2091 | D:3      | Reached XP level 5. HP: 47/53 MP: 4/4
  2940 | D:4      | Found a shattered altar of Ashenzari.
  2959 | D:4      | Noticed a slave
  2960 | D:4      | Noticed Pikel
  2961 | D:4      | Noticed a slave
  2965 | D:4      | Noticed a slave
  2966 | D:4      | Noticed a slave
  2972 | D:4      | Killed Pikel
  2972 | D:4      | Reached skill level 3 in Axes
  2972 | D:4      | Reached skill level 5 in Unarmed Combat
  2972 | D:4      | Reached XP level 6. HP: 62/62 MP: 5/5
  2972 | D:4      | Reached XP level 7. HP: 68/68 MP: 6/6
  3084 | D:4      | Found a staircase to the Ecumenical Temple.
  3156 | D:4      | Noticed Blork the orc
  3194 | D:4      | Killed Blork the orc
  3194 | D:4      | Reached skill level 4 in Axes
  3248 | D:4      | Reached *** piety under Trog
  3315 | D:4      | Found a hazy altar of Hepliaklqana.
  3315 | D:4      | Found an iron altar of Okawaru.
  3316 | D:4      | Found a shadowy altar of Dithmenos.
  3573 | D:5      | Entered Level 5 of the Dungeon
  3608 | D:5      | Noticed Sigmund
  3618 | D:5      | Killed Sigmund
  3618 | D:5      | Reached XP level 8. HP: 78/78 MP: 7/7
  3662 | D:5      | Reached skill level 5 in Axes
  3719 | D:5      | Noticed Grinder
  3730 | D:5      | Killed Grinder
  3761 | D:5      | Noticed Dowan
  3764 | D:5      | Noticed Duvessa
  3766 | D:5      | Killed Dowan
  3774 | D:5      | Killed Duvessa
  3774 | D:5      | Reached skill level 1 in Stealth
  4173 | D:5      | Found a glowing golden altar of the Shining One.
  4395 | D:6      | Reached skill level 6 in Axes
  4761 | D:6      | Reached skill level 5 in Dodging
  4761 | D:6      | Reached XP level 9. HP: 81/87 MP: 8/8
  4765 | D:6      | Reached skill level 5 in Fighting
  5426 | D:7      | Reached **** piety under Trog
  5621 | D:7      | Reached skill level 7 in Axes
  6864 | D:8      | Noticed a hand axe
  6866 | D:8      | Noticed a hand axe
  6867 | D:8      | Found a hide-covered altar of Uskayaw.
  6913 | D:8      | HP: 4/133 [orc warrior/halberd (22)]
  7335 | D:9      | Reached skill level 8 in Axes
  7341 | D:9      | Reached XP level 10. HP: 78/98 MP: 5/9
  7483 | D:9      | Found a flagged portal.
  7501 | Bailey   | Entered a bailey
  7538 | Bailey   | Noticed an orc sorcerer
  7540 | Bailey   | Killed an orc sorcerer
  7546 | Bailey   | Noticed an orc high priest
  7547 | Bailey   | Noticed an orange demon
  7564 | Bailey   | Noticed a soul eater
  7564 | Bailey   | Killed an orc high priest
  7564 | Bailey   | Reached ***** piety under Trog
  7649 | Bailey   | Found an iron altar of Okawaru.
  7712 | Bailey   | Reached skill level 9 in Axes
  7966 | Bailey   | Got a distressingly furry cloak
  7972 | Bailey   | Identified the +2 cloak "Epysmodo" {rF+ Str+2 Dex+3 Slay-3} (You acquired it in a bailey)
  8010 | Bailey   | Noticed an orc knight
  8068 | Bailey   | Killed an orc knight
  8099 | Bailey   | Killed from afar by an electric eel

Skill      XL: |  1  2  3  4  5  6  7  8  9 10 |
---------------+-------------------------------+-----
Unarmed Combat | 4 5 |  5.1
Fighting       | 3 4 5 6 |  6.4
Dodging        | 3 4 5 6 |  6.8
Axes           | 3 4 6 8 9 |  9.3
Stealth        | 1 2 |  2.3

Action                   |  1- 3 |  4- 6 |  7- 9 | 10-12 || total
-------------------------+-------+-------+-------+-------++-------
Melee: Unarmed           |    74 |    44 |       |       ||   118
       Punch             |     2 |       |    14 |     3 ||    19
       War axe           |       |    68 |   357 |    96 ||   521
Invok: Berserk           |       |     1 |    12 |     4 ||    17
       Brothers in Arms  |       |       |     1 |     3 ||     4
  Use: Potion            |     1 |       |     6 |     8 ||    15
       Scroll            |       |       |     4 |    15 ||    19
 Stab: Sleeping          |       |       |     3 |       ||     3
       Invisible         |       |       |       |     3 ||     3
  Eat: Chunk             |    13 |    17 |    43 |    11 ||    84
       Fruit             |     1 |       |       |       ||     1
       Bread ration      |       |     1 |     4 |     1 ||     6
Armor: Animal skin       |    27 |    94 |   109 |    21 ||   251
Dodge: Dodged            |    34 |    92 |   275 |    87 ||   488
